 Dungeon Crawl Stone Soup version 0.27.0-1-g7a089689b8 (webtiles) character file.

Game seed: 7503286989224422268

996 sanka the Ducker (level 8, -5/56 HPs)
             Began as a Djinni Fighter on Aug 5, 2021.
             Was an Initiate of Makhleb.
             Splashed by an acid dragon's acid (15 damage)
             ... on level 6 of the Dungeon.
             The game lasted 00:10:50 (6939 turns).

sanka the Ducker (Djinni Fighter)                   Turns: 6939, Time: 00:10:51

Health: -5/56      AC:  7    Str: 15    XL:     8   Next: 42%
Gold:   224        EV:  3    Int: 11    God:    Makhleb [......] SH:  9 Dex: 14

rFire    + + +     SeeInvis .   a - +0 long sword
rCold    x . .     Faith    .   c - +0 kite shield
rNeg     . . .     Spirit   .   h - +0 plate armour
rPois    ∞         Reflect  .   (no helmet)
rElec    .         Harm     .   (no cloak)
rCorr    .         Rampage  .   (no gloves)
Will     .....                  (boots unavailable)
Stlth    ..........             t - amulet of the acrobat
HPRegen  0.18/turn              i - ring of protection from fire
MPRegen  0.00/turn              (no ring)

@: corroded, flying
A: sickness immunity, fire resistance 2, cold vulnerability 1, float, innate
caster, hp casting, extra vitality 1
a: Renounce Religion


You were on level 6 of the Dungeon.
You worshipped Makhleb.
Makhleb was noncommittal.
You visited 2 branches of the dungeon, and saw 7 of its levels.

You collected 224 gold pieces.


Innate Abilities, Weirdness & Mutations

You are immune to sickness and miasma.
You are immune to poison.
Your flesh is very heat resistant. (rF++)
You are vulnerable to cold. (rC-)
You float through the air rather than walking.
You learn spells naturally, not from books.
Your magical power is your life essence.
You have superior vitality. (+4 HP)


   Skills:
 - Level 3.0 Fighting
 - Level 3.0 Long Blades
 - Level 3.0 Armour
 + Level 6.0 Dodging
 - Level 3.0 Shields
 - Level 5.0 Spellcasting


You had 11 spell levels left.
You knew the following spells:

 Your Spells              Type           Power      Damage    Failure   Level
x - Slow                  Hex            13%        N/A       100%        2
y - Lesser Beckoning      Tloc           6%         N/A       100%        3
z - Shock                 Conj/Air       52%        1d6       100%        1
Your spell library was empty.

Inventory:

Hand Weapons
 a - a +0 long sword (weapon)
Missiles
 r - 28 poisoned darts
Armour
 b - a +0 scale mail
 c - a +0 kite shield (worn)
 h - a +0 plate armour (worn)
 p - a +0 leather armour
 v - a +0 robe
Jewellery
 i - a ring of protection from fire (left hand)
 t - an amulet of the acrobat (around neck)
Scrolls
 e - a scroll of magic mapping {unknown}
 g - 2 scrolls of blinking {unknown}
 j - a scroll of acquirement {unknown}
 k - a scroll of identify {unknown}
 n - 5 scrolls of teleportation {unknown}
 s - a scroll of enchant armour {unknown}
 u - a scroll of fog {unknown}
 w - a scroll of immolation {unknown}
 x - a scroll of amnesia {unknown}
Potions
 d - a potion of might
 f - a potion of magic
 l - a potion of lignification {unknown}
 m - 2 potions of flight
 o - 2 potions of heal wounds {@q2}
 q - a potion of berserk rage {unknown}

Dungeon Overview and Level Annotations

Branches:
Dungeon (6/15)             Temple (1/1) D:5

Altars:
Ashenzari
Dithmenos
Fedhas
Gozag
Hepliaklqana
Kikubaaqudgha
Makhleb
Nemelex Xobeh
Okawaru
Ru
Wu Jian
Xom
Yredelemnul

Shops:
D:5 *

Annotations:
D:2 Robin
D:3 Terence

......▒...♣♣♣..▒........▒
......+..♣()♣^.'........▒
......+..♣..♣..'........▒
......▒..♣♣♣...▒........▒
......▒.....[..▒........▒
......▒........▒......<.▒ ▒▒▒
......▒▒▒▒++▒▒▒▒......÷.▒ ....
........................▒ ...▒
................RD......▒▒▒(..▒
..............................▒
..............................▒▒
..............▒▒▒...............
..............▒ ▒..........▒▒▒▒.
......▒▒▒▒▒▒▒▒▒ ▒.▒▒▒▒.▒▒.....
.....▒▒ ▒.▒ ▒.▒ .▒▒▒▒.. ▒▒▒▒▒▒
..▒ ..▒ ▒▒ ▒.▒▒ ▒.▒.


You could see an acid dragon (catching breath).


Message History

You block the acid dragon's attack. You block the acid dragon's attack.
The acid dragon barely misses you. You block the acid dragon's attack.
Unknown command.
Okay, then.
You slash the acid dragon!
The acid dragon is heavily wounded.
You block the acid dragon's attack.
The acid dragon claws you but does no damage.
You hit the acid dragon.
The acid dragon is heavily wounded.
You block the acid dragon's attack.
The acid dragon claws you but does no damage.
The acid dragon bites you.
* * * LOW HITPOINT WARNING * * *
The acid dragon claws you but does no damage.
You hit the acid dragon.
The acid dragon is heavily wounded.
The acid dragon bites you.
* * * LOW HITPOINT WARNING * * *
The acid dragon claws you but does no damage.
You slash the acid dragon!
The acid dragon is almost dead.
The acid dragon spits acid at you. The splash of acid hits you!
* * * LOW HITPOINT WARNING * * *
The acid corrodes you!
You are splashed with acid!
You die...

Action                   |  1- 3 |  4- 6 |  7- 9 || total
-------------------------+-------+-------+-------++-------
Melee: Long sword        |   104 |   196 |   134 ||   434
  Use: Potion            |       |     1 |     3 ||     4
Armor: Scale mail        |    54 |       |       ||    54
       Plate armour      |    25 |   138 |    99 ||   262
Dodge: Dodged            |    19 |    22 |    23 ||    64
Block: Kite shield       |    53 |    94 |    61 ||   208
       Rpst.: Long sword |     6 |     6 |     9 ||    21

Levels and vault maps discovered:
D:1:      ebering_hopf_link, layout_basic, chequers_serial_rivers_small_3
D:2:      layout_basic, chequers_ecumenical_altar_simple, uniq_robin
D:3:      minmay_spotlight, layout_basic, uniq_terence, uniq_natasha
D:4:      layout_cave_pools, gammafunk_ghost_necromancy
D:5:      layout_cave_pods, nicolae_gozag_zags_fifth_avenue,
          gammafunk_temple_overflow_forgotten, minmay_temple_entry_butterflies,
          uniq_sigmund, uniq_blork_the_orc
D:6:      layout_rooms, mainiacjoe_overflow_swirl, serial_shops, shop,
          kennysheep_generic_room_7
Temple:   nicolae_temple_figure_zero

Notes
Turn   | Place    | Note
-------+----------+-------------------------------------------
     0 | D:1      | sanka the Djinni Fighter began the quest for the Orb.
     0 | D:1      | Reached XP level 1. HP: 20/20 MP: 0/0
   148 | D:1      | Reached skill level 2 in Long Blades
   263 | D:1      | Reached XP level 2. HP: 25/25 MP: 0/0
   558 | D:1      | Reached skill level 3 in Long Blades
   558 | D:1      | Reached XP level 3. HP: 29/30 MP: 0/0
   558 | D:1      | Learned a level 1 spell: Shock
  1048 | D:2      | Found a faded altar of an unknown god.
  1107 | D:2      | Reached skill level 1 in Spellcasting
  1193 | D:2      | Reached XP level 4. HP: 24/35 MP: 0/0
  1421 | D:2      | Noticed Robin
  1910 | D:2      | Reached skill level 2 in Spellcasting
  2761 | D:3      | Noticed Natasha
  2777 | D:3      | Killed Natasha
  2778 | D:3      | Reached XP level 5. HP: 32/40 MP: 0/0
  2778 | D:3      | Learned a level 2 spell: Slow
  2862 | D:3      | Noticed Natasha
  2893 | D:3      | Killed Natasha
  3017 | D:3      | Noticed Terence
  3230 | D:3      | Reached skill level 3 in Spellcasting
  3241 | D:3      | Noticed Natasha
  3257 | D:3      | Killed Natasha
  3640 | D:4      | Noticed a wyvern
  3650 | D:5      | Entered Level 5 of the Dungeon
  3680 | D:5      | Found a staircase to the Ecumenical Temple.
  3688 | Temple   | Entered the Ecumenical Temple
  3821 | Temple   | Became a worshipper of Makhleb the Destroyer
  3855 | D:5      | Reached XP level 6. HP: 46/46 MP: 0/0
  3893 | D:5      | Noticed Blork the orc
  3912 | D:5      | Killed Blork the orc
  3913 | D:5      | Reached skill level 4 in Spellcasting
  4489 | D:5      | Reached XP level 7. HP: 27/50 MP: 0/0
  4489 | D:5      | Learned a level 3 spell: Lesser Beckoning
  4639 | D:5      | Found an opulent altar of Gozag.
  4651 | D:5      | Found Gozag's Platinum Reserve.
  5265 | D:5      | Reached skill level 5 in Spellcasting
  5265 | D:5      | Reached skill level 1 in Dodging
  5531 | D:5      | Noticed Sigmund
  5566 | D:5      | Killed Sigmund
  5567 | D:5      | Reached skill level 3 in Dodging
  5729 | D:5      | Found a shimmering altar of Xom.
  5729 | D:5      | Found an ornate altar of the Wu Jian Council.
  5729 | D:5      | Found a blossoming altar of Fedhas.
  5993 | D:5      | Reached skill level 4 in Dodging
  5993 | D:5      | Reached XP level 8. HP: 46/56 MP: 0/0
  6531 | D:5      | Reached skill level 5 in Dodging
  6861 | D:6      | Reached skill level 6 in Dodging
  6939 | D:6      | Splashed by an acid dragon's acid

Vanquished Creatures
  Sigmund (D:5)
  A sky beast (D:5)
  A water moccasin (D:6)
  An ice beast (D:5)
  Blork the orc (D:5)
  A bullfrog (D:5)
  A scorpion (D:5)
  A water moccasin zombie (D:5)
  A bullfrog zombie (D:5)
  2 hounds
  Natasha (thrice) (D:3)
  A hound zombie (D:5)
  5 adders
  A shadow imp (D:6)
  A white imp (D:6)
  3 dart slugs
  2 orcs
  8 ball pythons
  5 bats
  4 endoplasms
  5 giant cockroaches
  15 goblins
  5 hobgoblins
  2 jackals (D:1)
  2 kobolds
  3 quokkas
  A frilled lizard (D:1)
  6 rats
83 creatures vanquished.
